 Dungeon Crawl Stone Soup version 0.31.0-4-g52a2dc7128 (webtiles) character file.

Game seed: 13845152947258837849

177 Destapler the Gusty (level 5, -1/40 HPs)
             Began as a Draconian Air Elementalist on Jan 22, 2024.
             Slain by a sleepcap (5 damage)
             ... on level 4 of the Dungeon.
             The game lasted 00:13:46 (3924 turns).

Destapler the Gusty (Draconian Air Elementalist)    Turns: 3924, Time: 00:13:46

Health: -1/40      AC:  5    Str: 10    XL:     5   Next: 31%
Magic:  0/9        EV: 12    Int: 16    God:
Gold:   189        SH:  0    Dex: 13    Spells: 8/9 levels left

rFire   . . .        a - +0 dagger
rCold   . . .        (no shield)
rNeg    . . .        (body armour unavailable)
rPois   .            (helmet restricted)
rElec   .            (no cloak)
rCorr   .            (no gloves)
SInv    .            (no boots)
Will    .....        (no amulet)
Stlth   ++           (no ring)
HPRegen 0.26/turn    (no ring)
MPRegen 0.11/turn

%: no passive effects
@: no status effects
A: AC +5, unfitting armour, cold-blooded
a: no special abilities


You were on level 4 of the Dungeon.
You visited 1 branch of the dungeon, and saw 4 of its levels.

You collected 189 gold pieces.

Inventory:

Hand Weapons
 a - a +0 dagger (weapon)
Missiles
 m - 5 boomerangs
Scrolls
 b - a scroll of fear
 c - 2 scrolls of noise
 d - 2 scrolls of identify {unknown}
Potions
 f - a potion of brilliance
 g - 2 potions of might
 h - 3 potions of heal wounds
 j - a potion of lignification
 n - a potion of enlightenment {unknown}


   Skills:
 + Level 1.3 Fighting
 + Level 1.5 Short Blades
 + Level 2.5 Dodging
 + Level 2.8 Stealth
 + Level 2.7 Spellcasting
 - Level 2.0 Conjurations
 + Level 3.6 Air Magic


You had 8 spell levels left.
You knew the following spells:

 Your Spells              Type           Power      Damage    Failure   Level
a - Shock                 Conj/Air       44%        1d5       6%          1

Your spell library contained the following spells:

 Spells                   Type           Power      Damage    Failure   Level
 Static Discharge         Conj/Air       22%        3-4/arc   10%         2
 Swiftness                Air            13%        N/A       13%         3
 Cigotuvi's Dreadful Rot  Necr/Alch/Air  12%        N/A       19%         2
 Sublimation of Blood     Necr           2%         N/A       28%         2
 Airstrike                Air            6%         2d(1-17)  41%         4
 Dispel Undead            Necr           2%         3d7       88%         4
 Martyr's Knell           Necr/Summ      2%         N/A       88%         4
 Petrify                  Alch/Erth      2%         N/A       88%         4
 Irradiate                Conj/Alch      2%         3d12      98%         5
 Death Channel            Necr           1%         N/A       100%        6


Dungeon Overview and Level Annotations

Branches:
Dungeon (4/15)
 Temple: D:4-7

Altars:
Makhleb
Zin

Shops:
D:2 :


Innate Abilities, Weirdness & Mutations

Your plain brown scales are hard. (AC +5)
You cannot fit into any form of body armour.
You are cold-blooded and may be slowed by cold attacks.


Message History

The zap hits the orc priest but does no damage.
The orc priest is moderately wounded.
The zap hits the orc priest.
The orc priest is heavily wounded.
The sleepcap releases spores at you but does no damage.
The orc priest misses you.
Casting: Shock (safe; 6% risk of failure)
Confirm with . or Enter, or press ? or * to list all spells.
Aiming: Shock (safe; 6% risk of failure)
Press: ? - help, Shift-Dir - straight line The zap hits the orc priest but does no damage.
The orc priest is heavily wounded.
The zap hits the orc priest.
The orc priest is severely wounded.
The sleepcap releases spores at you.
* * * LOW HITPOINT WARNING * * *
The orc priest barely misses you.
Casting: Shock (safe; 6% risk of failure)
Confirm with . or Enter, or press ? or * to list all spells.
You don't have enough magic to cast this spell.
Casting: Shock (safe; 6% risk of failure)
Confirm with . or Enter, or press ? or * to list all spells.
You don't have enough magic to cast this spell.
You hit the sleepcap but do no damage.
The sleepcap is almost destroyed.
The sleepcap releases spores at you!
* * * LOW HITPOINT WARNING * * *
You are engulfed in a cloud of soporific spores!
You are unaffected.
The orc priest barely misses you.
You hit the orc priest but do no damage.
The orc priest is severely wounded.
The sleepcap releases spores at you.
* * * LOW HITPOINT WARNING * * *
The orc priest hits you with a +0 short sword.
* * * LOW HITPOINT WARNING * * *
Your magical contamination has completely faded away.
You hit the sleepcap.
The sleepcap is almost destroyed.
The sleepcap releases spores at you.
You die...

#.#
#.###...##.).......##..
#.#
#.#...##.........##..
#.#
#..<..##.........##..
#.#...######l.#####..
#.#...# #..# #..
#.#...# #..# #..
#.#...# ##.## #..
#.#...#######..## #..
#..f@.#.........###..
#.#.#o#.......#..##.#
###...........##.>..#
...............'.#.###
#.......#.......#.#.#
.....####.......#.#.#
####. #.......#.#.# #.
#.......#.#.#
#.......#.#.#


You could see a sleepcap and an orc priest.

Vanquished Creatures
  Jessica (D:3)
  2 iguanas (D:4)
  An adder (D:3)
  2 ribbon worms (D:3)
  3 dart slugs
  An orc (D:4)
  8 ball pythons
  6 endoplasms
  5 giant cockroaches
  9 goblins
  5 hobgoblins
  7 quokkas
  5 bats
  4 frilled lizards
  8 kobolds
  8 rats
75 creatures vanquished.

Notes
Turn   | Place    | Note
-------+----------+-------------------------------------------
     0 | D:1      | Destapler the Draconian Air Elementalist began the quest
                  | for the Orb.
     0 | D:1      | Reached XP level 1. HP: 14/14 MP: 3/3
   275 | D:1      | Reached XP level 2. HP: 20/20 MP: 0/5
  1131 | D:1      | Reached XP level 3. HP: 26/26 MP: 6/6
  1661 | D:2      | Found Arriebies's Book Shoppe.
  2434 | D:3      | Identified the +1 falchion of False Accusations {flame,
                  | Will+ Int+2}
  2655 | D:3      | Reached XP level 4. HP: 34/34 MP: 2/7
  2729 | D:3      | Noticed Jessica
  2732 | D:3      | Killed Jessica
  2733 | D:3      | Reached skill level 1 in Short Blades
  2843 | D:3      | Reached skill level 1 in Fighting
  2896 | D:3      | Found a burning altar of Makhleb.
  2897 | D:3      | Found a glowing silver altar of Zin.
  2897 | D:3      | Noticed an angel
  2898 | D:3      | Noticed a green death
  3642 | D:4      | Reached XP level 5. HP: 15/40 MP: 0/8
  3658 | D:4      | HP: 1/40 [orc/+0 hand axe of venom (3)]
  3924 | D:4      | Slain by a sleepcap

Illustrated notes

Levels and vault maps discovered:
D:1:      mrwooster_arrival_statue_2, layout_loops_ring
D:2:      layout_basic, serial_shops, nicolae_diamond_shop
D:3:      layout_loops_ring, grunt_temple_overflow_order_and_chaos_2,
          corexii_corridor_pit, grunt_ministairs_11, uniq_jessica
D:4:      minmay_evil_eye, layout_basic, gup_sewer_entry_bubbles,
          gammafunk_ghost_cemetery

Skill      XL: |  1  2  3  4 |
---------------+-------------+-----
Stealth        | 2 |  2.8
Dodging        | 2 |  2.5
Short Blades   | 1 |  1.5
Fighting       | 1 |  1.3
Conjurations   | 2 |  2.0
Spellcasting   | |  2.7
Air Magic      | |  3.6

Action                     |  1- 3 |  4- 6 || total
---------------------------+-------+-------++-------
  Melee: Unarmed           |     5 |       ||     5
         Tailslap          |     7 |     2 ||     9
         Dagger            |    17 |    27 ||    44
         Punch             |     1 |       ||     1
   Cast: Shock             |   106 |    56 ||   162
    Use: Scroll            |       |     6 ||     6
         Potion            |       |     5 ||     5
   Stab: Sleeping          |     3 |       ||     3
 Armour: Skin              |    12 |    45 ||    57
  Dodge: Dodged            |    18 |    24 ||    42
